 Dungeon Crawl Stone Soup version 0.23.0-33-g5e6c059 (webtiles) character file.

Game seed: 2794138460970070178

18 Kairos the Skirmisher (level 2, 25/25 HPs)
             Began as a Formicid Abyssal Knight on Feb 26, 2019.
             Was a Follower of Lugonu.
             Quit the game on level 2 of the Dungeon.
             The game lasted 00:03:17 (1262 turns).

Kairos the Skirmisher (Formicid Abyssal Knight)     Turns: 1262, Time: 00:03:17

Health: 25/25      AC: 10    Str: 16      XL:     2   Next: 85%
Magic:  3/3        EV:  7    Int: 11      God:    Lugonu [*.....]
Gold:   91         SH:  0    Dex:  8 (10) Spells: 1/1 levels left

rFire    . . .     SeeInvis +   a - +1 spear
rCold    . . .     Gourm    .   (no shield)
rNeg     . . .     Faith    .   k - +0 chain mail
rPois    .         Spirit   .   (helmet unavailable)
rElec    .         Reflect  .   (no cloak)
rCorr    .         Harm     .   j - +1 pair of gloves
MR       .....                  (no boots)
Stlth    ..........             (no amulet)
HPRegen  0.08/turn              (no ring)
MPRegen  0.08/turn              (no ring)

@: studying Air Magic
A: permanent stasis, dig shafts and tunnels, four strong arms, antennae 3
a: Dig, Shaft Self, Depart the Abyss, Renounce Religion


You were on level 2 of the Dungeon.
You worshipped Lugonu.
Lugonu was aware of your devotion.
You were very hungry.

You visited 1 branch of the dungeon, and saw 2 of its levels.
You visited the Abyss 1 time.

You collected 91 gold pieces.

Inventory:

Hand Weapons
 a - a +1 spear (weapon)
Armour
 b - a +0 leather armour
 g - a +1 pair of gloves
 j - a +1 pair of gloves (worn)
 k - a +0 chain mail (worn)
Scrolls
 e - a scroll of magic mapping
 i - 2 scrolls of noise
 m - a scroll of blinking
 n - a scroll of teleportation
Potions
 f - a potion of resistance
 l - a potion of curing {unknown}
 o - a potion of might {unknown}
 p - a potion of heal wounds {unknown}
Books
 h - a manual of Air Magic
Comestibles
 c - 2 rations


   Skills:
 + Level 3.9 Fighting
 + Level 2.1 Polearms
 + Level 2.3 Armour
 + Level 1.0 Dodging
 + Level 2.3 Invocations


You had one spell level left.
You didn't know any spells.
Your spell library was empty.

Dungeon Overview and Level Annotations

Branches:
Dungeon (2/15)

Altars:


Innate Abilities, Weirdness & Mutations

You cannot be hasted, slowed, berserked, paralysed or teleported.
You can dig through walls and to a lower floor.
Your four strong arms can wield two-handed weapons with a shield.
You have a pair of large antennae on your head. (SInv)


Message History

No target in view!
No target in view!
No target in view!
No target in view!
No target in view!
No target in view!
Unknown command.
Unknown command.
You are feeling very hungry.
You see here a +0 dagger. 2 kobolds come into view.
The kobold shouts!
The kobold throws a stone.
The stone hits you but does no damage.
Found 20 bolts.
You see here a stone.
There are monsters nearby!
There are monsters nearby!
Unknown command.
There are monsters nearby!
Are you sure you want to abandon this character and quit the game? (Confirm with "yes".)

#.K(......#
#.......K.#
#..)......#
#...$.....#
#...$.....#
#.........#
#.......[.#
#......@..##
#####.##)..#
#.##.#.#
#####)##...#
..........##
....###.##
...
....##.^.##
#.# #
#(#..#..#
#.#
#...###.#


You could see 2 kobolds.

Vanquished Creatures
  A dart slug (D:1)
  A leopard gecko (D:1)
  A ball python (D:2)
  2 bats
  A hobgoblin (D:1)
  2 kobolds
  2 frilled lizards (D:1)
  A goblin (D:2)
  4 rats
15 creatures vanquished.

Notes
Turn   | Place    | Note
-------+----------+-------------------------------------------
     0 | Abyss:1  | Kairos the Formicid Abyssal Knight began the quest for the
                  | Orb.
     0 | Abyss:1  | Reached XP level 1. HP: 18/18 MP: 2/2
    66 | Abyss:1  | Found a corrupted altar of Lugonu.
    69 | Abyss:1  | Found a corrupted altar of Lugonu.
   132 | Abyss:1  | Noticed a chaos spawn
   186 | Abyss:2  | Noticed a quasit
   261 | Abyss:3  | Noticed a spatial vortex
   272 | Abyss:3  | Noticed a spatial vortex
   272 | Abyss:3  | Noticed a spatial vortex
   272 | Abyss:3  | Noticed a spatial vortex
   272 | Abyss:3  | Noticed a spatial vortex
   273 | Abyss:3  | Noticed a storm dragon skeleton
   278 | Abyss:3  | Noticed a quasit
   280 | Abyss:3  | Noticed a demonic crawler
   283 | Abyss:3  | Noticed a small abomination
   299 | D:1      | Escaped the Abyss
  1104 | D:1      | Reached XP level 2. HP: 21/24 MP: 3/3
  1259 | D:2      | Reached * piety under Lugonu
  1259 | D:2      | Reached skill level 1 in Dodging
  1262 | D:2      | Quit the game

Skill      XL: |  1  2 |
---------------+-------+-----
Dodging        | 1 |  1.0
Fighting       | |  3.9
Polearms       | |  2.1
Armour         | |  2.3
Invocations    | |  2.3

Action                   || total
-------------------------++-------
Melee: Spear             ||    52
Invok: Depart the Abyss  ||     1
  Use: Scroll            ||     5
Armor: Leather armour    ||    11
       Chain mail        ||    25
Dodge: Dodged            ||    30
